 Dungeon Crawl Stone Soup version 0.29-a0-1023-g6ae1a4a2c7 (webtiles) character file.

Game seed: 12585571562951232371

6227 valliere the Spear-Bearer (level 10, -2/94 HPs)
             Began as a Hill Orc Monk on Aug 11, 2022.
             Was a Priest of Beogh.
             Slain by an orc warrior
             ... wielding a +2 flail of protection
              (5 damage)
             ... on level 9 of the Dungeon.
             The game lasted 00:33:08 (11643 turns).

valliere the Spear-Bearer (Hill Orc Monk)          Turns: 11643, Time: 00:33:08

Health: -2/94      AC: 14    Str: 18    XL:     10   Next: 92%
Magic:  10/10      EV:  8    Int: 14    God:    Beogh [***...]
Gold:   496        SH:  5    Dex: 18    Spells: 9/9 levels left

rFire   . . .      SeeInvis .   O - +5 spear
rCold   . . .      Faith    .   (no shield)
rNeg    . . .      Spirit   .   C - +0 chain mail
rPois   .          Reflect  +   D - +0 helmet
rElec   .          Harm     .   (no cloak)
rCorr   +          Rampage  .   (no gloves)
Will    .....                   (no boots)
Stlth   ..........              n - amulet of reflection
HPRegen 0.25/turn               t - ring of resist corrosion
MPRegen 0.12/turn               J - +6 ring of dexterity

@: mighty, lethally poisoned (-2 -> -26), about to teleport, flying
A: iridescent scales 1, clever 1, MP-powered wands
a: Renounce Religion, Smiting


You were on level 9 of the Dungeon.
You worshipped Beogh.
Beogh was most pleased with you.
You visited 1 branch of the dungeon, and saw 9 of its levels.
You also visited: Sewer.

You collected 496 gold pieces.

Inventory:

Hand Weapons
 a - a +0 spear
 q - a +1 spear of flaming
 O - a +5 spear (weapon)
Armour
 b - a +0 robe
 g - a +0 ring mail
 C - a +0 chain mail (worn)
 D - a +0 helmet (worn)
Jewellery
 n - an amulet of reflection (around neck)
 t - a ring of resist corrosion (left hand)
 F - an amulet of guardian spirit
 J - a +6 ring of dexterity (right hand)
Wands
 o - a wand of acid (21)
 s - a wand of roots (18)
 u - a wand of mindburst (14)
 H - a wand of polymorph (8)
 L - a wand of flame (14)
Scrolls
 d - 4 scrolls of identify
 f - 2 scrolls of teleportation
 h - 2 scrolls of butterflies
 k - 5 scrolls of poison
 m - 4 scrolls of vulnerability
 w - a scroll of silence {unknown}
 x - a scroll of blinking {unknown}
 y - a scroll of immolation {unknown}
 z - 2 scrolls of enchant armour
 A - a scroll of summoning {unknown}
 B - a scroll of fear {unknown}
 G - a scroll of torment {unknown}
Potions
 c - a potion of ambrosia
 e - 2 potions of heal wounds
 i - a potion of curing
 j - 4 potions of degeneration
 l - a potion of experience {unknown}
 p - 3 potions of lignification
 r - 4 potions of flight
 v - a potion of attraction {unknown}
 E - a potion of mutation
 I - a potion of invisibility {unknown}
 K - a potion of haste {unknown}
 N - 2 potions of resistance


   Skills:
 + Level 10.6 Fighting
 * Level 13.1 Polearms
 + Level 8.0 Armour
 - Level 2.4 Dodging
 - Level 1.5 Stealth


You had 9 spell levels left.
You didn't know any spells.
Your spell library contained the following spells:

 Spells                   Type           Power      Damage    Failure   Level
 Slow                     Hex            0%         N/A       95%         1
 Ensorcelled Hibernation  Hex/Ice        0%         N/A       99%         2
 Scorch                   Fire           0%         2d5       99%         2
 Inner Flame              Hex/Fire       0%         N/A       100%        3
 Summon Guardian Golem    Hex/Summ       0%         N/A       100%        3
 Flame Wave               Conj/Fire      0%         2d4       100%        4
 Olgreb's Toxic Radiance  Pois           0%         N/A       100%        4
 Summon Cactus Giant      Summ           0%         N/A       100%        6
 Ozocubu's Refrigeration  Ice            0%         4d7       100%        7
 Ignition                 Fire           0%         3d3       100%        8


Dungeon Overview and Level Annotations

Branches:
Dungeon (9/15)             Temple (0/1) D:7           Sewer (visited)
   Lair: D:8-11         Orc: D:9-12

Altars:
Elyvilon
Vehumet
Xom

Shops:
D:8 !

Annotations:
D:2 Sigmund
D:7 exclusion: downstairs
D:9 Grum


Innate Abilities, Weirdness & Mutations

You are partially covered in iridescent scales. (AC +2)
Your mind is acute. (Int +4, Str/Dex -1)
You expend magic power (3 MP) to strengthen your wands.


Message History

You feel very sick.
The orc warrior hits you with a +2 flail of protection!
Grum hits you from afar with a +1 spear of venom!
You are more poisoned.
The orc hits you with a +0 mace.
* * * LOW HITPOINT WARNING * * *
You block the orc warrior's attack.
You feel better.
The orc warrior mutters, "You're NOT the saviour of the Orcs."
Grum hits you but does no damage.
You are poisoned.
Your orc closely misses something.
The orc warrior hits you with a +0 vampiric short sword!
* * * LOW HITPOINT WARNING * * *
You completely miss the orc priest.
You feel sick.
Unknown command.
You puncture the orc warrior!
The orc warrior is heavily wounded.
You feel sick.
Grum hits you from afar with a +1 spear of venom!
* * * LOW HITPOINT WARNING * * *
You are more poisoned.
Your orc hits the wolf with a +0 short sword.
The orc hits you with a +0 mace.
* * * LOW HITPOINT WARNING * * *
The orc warrior hits you with a +0 vampiric short sword.
* * * LOW HITPOINT WARNING * * *
The orc warrior draws strength from your wounds!
Okay, then.
As you read the scroll of teleportation, it crumbles to dust.
You feel strangely unstable.
* * * LOW HITPOINT WARNING * * *
You feel very sick.
Your orc closely misses the wolf.
Grum hits you from afar with a +1 spear of venom!
* * * LOW HITPOINT WARNING * * *
You are more poisoned.
The orc warrior hits you with a +2 flail of protection.
You die...
Beogh appreciates the orc warrior's killing of a heretic priest.

≈≈≈ ≈≈ ..##
##########' ≈....
.).)......# ≈≈...#
..).......##≈≈..#
8......o.......#
..).ohooo)##≈≈o#
.)...go@))#.≈≈.#
##########).≈≈.#
≈≈≈≈≈≈≈≈≈8≈.#
≈≈≈≈≈≈≈≈≈≈8.######.##
............##.......
...####........# ..
#.###....# # #.#
#.##.# #.# #.##.#


You could see Grum, 3 orc warriors, a wolf, an orc priest, an orc and a friendly
orc.

Vanquished Creatures
  A troll (D:9)
  A hornet (D:8)
  A wyvern (D:7)
  12 yaks
  Duvessa (D:5)
  3 water moccasins
  A black bear (D:7)
  2 orc warriors (D:9)
  4 ice beasts
  2 sky beasts
  A centaur (D:9)
  A wolf (D:9)
  A phantom (D:6)
  5 bullfrogs
  A necrophage (D:5)
  8 wights
  Dowan (D:5)
  8 killer bees
  3 howler monkeys
  A jelly (D:6)
  3 orc priests
  2 gnoll boudas
  4 hounds
  4 iguanas
  13 orc wizards
  14 gnolls
  4 river rats (Sewer)
  12 adders
  A white imp (D:8)
  An ufetubus (D:6)
  4 worms
  5 dart slugs
  36 orcs
  10 bats
  6 endoplasms
  7 giant cockroaches
  6 goblins
  4 hobgoblins
  A jackal (Sewer)
  A kobold (D:3)
  7 quokkas
  9 ball pythons
  7 frilled lizards
  11 rats
230 creatures vanquished.

Vanquished Creatures (collateral kills)
  A wolf (D:9)
  A wight (D:9)
  A howler monkey (D:9)
  An orc wizard (D:9)
  5 orcs (D:9)
9 creatures vanquished.

Vanquished Creatures (others)
  An orc warrior (D:9)
  6 orcs
7 creatures vanquished.

Grand Total: 246 creatures vanquished

Notes
Turn   | Place    | Note
-------+----------+-------------------------------------------
     0 | D:1      | valliere the Hill Orc Monk began the quest for the Orb.
     0 | D:1      | Reached XP level 1. HP: 19/19 MP: 1/1
   365 | D:1      | Reached XP level 2. HP: 27/27 MP: 2/2
   583 | D:1      | Reached skill level 4 in Polearms
   839 | D:1      | Reached XP level 3. HP: 33/33 MP: 3/3
  1003 | D:2      | Got the Volume of Spellbinding
  1477 | D:2      | Noticed Sigmund
  1691 | D:3      | Reached XP level 4. HP: 12/41 MP: 4/4
  2156 | D:3      | Reached skill level 5 in Polearms
  2444 | D:4      | Reached XP level 5. HP: 21/47 MP: 5/5
  2656 | D:4      | Reached skill level 5 in Fighting
  2810 | D:4      | Reached skill level 6 in Polearms
  2970 | D:4      | Found a glowing drain.
  2981 | D:4      | Reached XP level 6. HP: 54/56 MP: 6/6
  2984 | Sewer    | Entered a sewer
  4321 | D:5      | Entered Level 5 of the Dungeon
  4765 | D:5      | Noticed an ice beast
  4766 | D:5      | Noticed a water moccasin
  4783 | D:5      | Killed a water moccasin
  4784 | D:5      | Reached skill level 7 in Polearms
  4784 | D:5      | Reached skill level 1 in Armour
  4784 | D:5      | Reached XP level 7. HP: 42/63 MP: 7/7
  5271 | D:5      | Noticed Duvessa
  5271 | D:5      | Noticed Dowan
  5283 | D:5      | Killed Duvessa
  5284 | D:5      | Reached skill level 8 in Polearms
  5284 | D:5      | Reached XP level 8. HP: 70/71 MP: 8/8
  5284 | D:5      | Killed Dowan
  6463 | D:6      | Found a white marble altar of Elyvilon.
  6663 | D:6      | Reached skill level 9 in Polearms
  6937 | D:6      | Became a worshipper of Beogh the Brigand
  6937 | D:6      | Reached * piety under Beogh
  6937 | D:6      | Reached ** piety under Beogh
  6938 | D:6      | Found a radiant altar of Vehumet.
  7697 | D:6      | Reached XP level 9. HP: 75/81 MP: 9/9
  7866 | D:7      | Reached skill level 10 in Polearms
  7866 | D:7      | Reached skill level 5 in Armour
  7881 | D:7      | Found a shimmering altar of Xom.
  7882 | D:7      | Found a shimmering altar of Xom.
  7882 | D:7      | Found a shimmering altar of Xom.
  7900 | D:7      | Found a shimmering altar of Xom.
  7900 | D:7      | Found a shimmering altar of Xom.
  7902 | D:7      | Found a shimmering altar of Xom.
  7944 | D:7      | Found a shimmering altar of Xom.
  7944 | D:7      | Noticed a cane toad
  7944 | D:7      | a hog changed into a cane toad
  8003 | D:7      | Noticed a salamander
  8003 | D:7      | a raiju changed into a salamander
  8004 | D:7      | Noticed a harpy
  8004 | D:7      | a salamander changed into a harpy
  8023 | D:7      | Noticed a komodo dragon
  8023 | D:7      | a harpy changed into a komodo dragon
  8038 | D:7      | Noticed a harpy
  8038 | D:7      | a komodo dragon changed into a harpy
  8075 | D:7      | Noticed a cane toad
  8075 | D:7      | a harpy changed into a cane toad
  8077 | D:7      | Noticed a meliai
  8077 | D:7      | a cane toad changed into a meliai
  8079 | D:7      | Noticed a salamander
  8079 | D:7      | a meliai changed into a salamander
  8163 | D:7      | Noticed a cane toad
  8163 | D:7      | a salamander changed into a cane toad
  8175 | D:7      | Noticed a salamander
  8175 | D:7      | a cane toad changed into a salamander
  8183 | D:7      | Noticed a queen bee
  8183 | D:7      | a salamander changed into a queen bee
  8383 | D:7      | You fall into a shaft and drop 1 floor!
  8705 | D:7      | Reached *** piety under Beogh
  8847 | D:7      | Noticed a hornet
  8848 | D:7      | Noticed a quicksilver ooze
  8856 | D:7      | Noticed a troll
  8857 | D:7      | Noticed a great orb of eyes
  8857 | D:7      | a quicksilver ooze changed into a great orb of eyes
  8891 | D:7      | Found a staircase to the Ecumenical Temple.
  9017 | D:8      | Noticed a hornet
  9035 | D:8      | Reached skill level 11 in Polearms
  9055 | D:7      | Noticed an entropy weaver
  9217 | D:8      | Found Ampihem's Distillery.
  9554 | D:8      | Killed a hornet
  9555 | D:8      | Reached XP level 10. HP: 79/91 MP: 1/10
  9755 | D:8      | Reached skill level 12 in Polearms
 10761 | D:9      | Reached skill level 10 in Fighting
 11353 | D:9      | Gained Thorok as an ally
 11362 | D:9      | Reached skill level 13 in Polearms
 11502 | D:9      | Gained mutation: You expend magic power (3 MP) to
                  | strengthen your wands. [potion of mutation]
 11502 | D:9      | Gained mutation: Your mind is acute. (Int +4, Str/Dex -1)
                  | [potion of mutation]
 11502 | D:9      | Gained mutation: You are partially covered in iridescent
                  | scales. (AC +2) [potion of mutation]
 11624 | D:9      | Noticed Grum
 11636 | D:9      | Your ally Thorok died
 11643 | D:9      | HP: 3/94 [Grum/+1 spear of venom (8)]
 11643 | D:9      | Slain by an orc warrior

Illustrated notes

Levels and vault maps discovered:
D:1:      lemuel_arrival_hallway, layout_basic, serial_aquarium,
          aquarium_bridge_island_small [aquarium_subvault_small_open,
          aquarium_subvault_bridge, aquarium_subvault_balcony,
          aquarium_subvault_bridge, aquarium_subvault_balcony],
          aquarium_window_2, aquarium_window_corner, aquarium_window_3,
          aquarium_view_2e, aquarium_pool_2,
          nicolae_concentric_dashed_squares_wild
D:2:      layout_basic, chequers_serial_rivers_micro_c, minmay_tetromino_i2,
          uniq_sigmund
D:3:      layout_rooms, chequers_serial_rivers_micro_d
D:4:      layout_rooms, portal_sewer_entry_e
D:5:      layout_basic, uniq_duvessa
D:6:      layout_basic, nicolae_vehumet_radiance, marbit_many_paths,
          nicolae_overflow_hidden_temple
D:7:      layout_cave_pools, xom_shifter_show, minmay_temple_entry_mist
D:8:      layout_loops_ring, kennysheep_windowed_goal
D:9:      layout_loops_ring, makhleb_altar_promises_db, erik_orc_2, st_stairs_7,
          uniq_grum

Skill      XL: |  1  2  3  4  5  6  7  8  9 10 |
---------------+-------------------------------+-----
Fighting       | 4 5 6 7 9 10 | 10.6
Polearms       | 4 5 6 7 8 9 11 13 | 13.1
Armour         | 1 2 4 6 8 |  8.0
Dodging        | |  2.4
Stealth        | |  1.5

Action                   |  1- 3 |  4- 6 |  7- 9 | 10-12 || total
-------------------------+-------+-------+-------+-------++-------
Melee: Spear             |   122 |   351 |   611 |   261 ||  1345
       Punch             |       |     2 |     5 |     2 ||     9
Invok: Convert to Beogh  |       |       |     1 |       ||     1
       Smiting           |       |       |     4 |       ||     4
  Use: Scroll            |     1 |     3 |     2 |     6 ||    12
       Potion            |       |     3 |     1 |     4 ||     8
 Stab: Sleeping          |     3 |     3 |       |       ||     6
Armor: Robe              |     1 |       |       |       ||     1
       Ring mail         |    12 |    72 |       |       ||    84
       Chain mail        |       |       |   182 |    23 ||   205
Dodge: Dodged            |    42 |   150 |   113 |    43 ||   348
Block: Other             |     5 |    54 |   105 |    20 ||   184

Table legend: (Time is in decaauts)
 A = Elapsed time spent in this place.
 B = Non-inter-level travel time spent in this place.
 C = Inter-level travel time spent in this place.
 D = Time resting spent in this place.
 E = Time spent auto-exploring this place.
 F = Levels seen in this place.
 G = Mean time per level.
                   A        B        C        D        E       F      G
               +--------+--------+--------+--------+--------+-----+--------+
         Total |  11345 |  11089 |    256 |   1063 |   8154 |  10 | 1134.5 |
       Dungeon |  10078 |   9822 |    256 |    823 |   7447 |   9 | 1119.8 |
         Sewer |   1266 |   1266 |      0 |    240 |    706 |   1 | 1266.0 |
               +--------+--------+--------+--------+--------+-----+--------+

Top non-repeatable levels by time:
     D:5: 1804 daAuts
     D:8: 1602 daAuts
     D:6: 1543 daAuts
   Sewer: 1266 daAuts
     D:9: 1106 daAuts
     D:1: 950 daAuts
     D:7: 888 daAuts
     D:3: 765 daAuts
     D:4: 755 daAuts
     D:2: 661 daAuts
